[Event "Late-Titled-Tuesday-Blitz-April-23-2024"]
[Site "Chess.com"]
[Date "2024.04.23"]
[Round "4"]
[White "chess_sharparchitect"]
[Black "elmusmolamas"]
[Result "0-1"]
[WhiteElo "2241"]
[BlackElo "2493"]
[TimeControl "180+1"]
[EndTime "14:39:17 PDT"]
[Termination "elmusmolamas won on time"]

1. c4 b6 2. Nc3 Bb7 3. e4 c5 4. Nf3 e6 5. d4 cxd4 6. Nxd4 d6 7. Be2 Nf6 8. f3 Be7 9. Be3 O-O 10. O-O Nbd7 11. Qd2 a6 12. Rac1 Rc8 13. Rfd1 Rc7 14. b3 Qa8 15. Bf1 Rfc8 16. Qf2 Bf8 17. Qg3 Kh8 18. Qf2 b5 19. h3 Ne5 20. f4 Ned7 21.
e5 dxe5 22. fxe5 Nxe5 23. Bf4 Nfd7 24. Qg3 bxc4 25. Bxe5 Nxe5 26. Qxe5 cxb3 27. axb3 f6 28.
Qxe6 Rxc3 29. Rxc3 Rxc3 30. Bc4 Bc5 31. Kh2 Qb8+ 32.
Kh1 Bxd4 33. Re1 Be5 34. Qf5 Rg3 35. Re2 Qa8 36. Qe6 Bxg2+ 0-1

[Event "Late-Titled-Tuesday-Blitz-April-23-2024"]
[Site "Chess.com"]
[Date "2024.04.23"]
[Round "4"]
[White "subham777"]
[Black "jstopa4"]
[Result "1-0"]
[WhiteElo "2538"]
[BlackElo "2784"]
[TimeControl "180+1"]
[EndTime "14:39:18 PDT"]
[Termination "subham777 won by checkmate"]

1. e4 e5 2. Nf3 Nc6 3. Bc4 Bc5 4. c3 Nf6 5. d3 a6 6. Nbd2 d6 7. Nf1 Ba7 8. Ng3 Be6 9. Bb3 O-O 10. Bg5 h6 11. Bh4 d5 12. exd5 Bxd5 13. Bxf6 gxf6 14. Bxd5 Qxd5 15. Ne4 Qe6 16. O-O f5 17. Ng3 f4 18. Nh5 Rad8 19. Qe2 Rd5 20. Rfe1 Qg6 21. Nh4 Qg5 22. g3 Rfd8 23. Rad1 fxg3 24. hxg3 Kf8 25.
Qf3 R8d6 26. Re4 Ne7 27. Rg4 Rxd3 28. Rxd3 Rxd3 29. Qxd3 Qxg4 30. Qd8# 1-0

[Event "Late-Titled-Tuesday-Blitz-April-23-2024"]
[Site "Chess.com"]
[Date "2024.04.23"]
[Round "4"]
[White "SpeedofLight0"]
[Black "baki83"]
[Result "0-1"]
[WhiteElo "3060"]
[BlackElo "2916"]
[TimeControl "180+1"]
[EndTime "14:39:20 PDT"]
[Termination "baki83 won by checkmate"]

1. d4 d5 2. Nc3 e6 3. Bf4 Bd6 4. e3 Nf6 5. Qf3 a6 6. g4 b5 7. g5 Nfd7 8. h4 Bb7 9. O-O-O Nc6 10. h5 Qe7 11. Bxd6 cxd6 12. g6 f5 13. Nh3 h6 14.
Nf4 Nb6 15. Bh3 O-O 16. Nce2 Rac8 17. c3 b4 18. Kb1 a5 19. Rc1 Ba6 20. cxb4 Nxb4 21.
Rxc8 Rxc8 22. a3 Nc4 23. Rd1 Nc2 24. Bxf5 N4xa3+ 25. Ka2 Bc4+ 26. b3 Bxb3+ 27. Kxb3 Qb7+ 28. Ka2 Rb8 29. Bxe6+ Kh8 30. Nd3 Qb3# 0-1

[Event "Late-Titled-Tuesday-Blitz-April-23-2024"]
[Site "Chess.com"]
[Date "2024.04.23"]
[Round "4"]
[White "AlexeiShirov"]
[Black "vi_pranav"]
[Result "1/2-1/2"]
[WhiteElo "2813"]
[BlackElo "3073"]
[TimeControl "180+1"]
[EndTime "14:39:20 PDT"]
[Termination "Game drawn by repetition"]

1. e4 e5 2. Nf3 Nc6 3. Bb5 a6 4. Ba4 Nge7 5. d4 exd4 6. Nxd4 Ng6 7. Nxc6 bxc6 8. O-O Bc5 9. Nd2 O-O 10. Kh1 Re8 11.
f4 Be3 12. f5 Ne5 13. Bb3 a5 14. Nf3 Bxc1 15. Nxe5 Rxe5 16. Rxc1 Rxe4 17. f6 d5 18. c4 Bg4 19. Qd2 dxc4 20. Qg5 g6 21. Rxc4 Qd3 22. Rg1 Kh8 23. Qh6 Rg8 24. Rxe4 Qxe4 25. Bxf7 Bf3 26. h4 Qf5 27. Kh2 Qe5+ 28. Kh1 Qf5 29. Kh2 Qe5+ 30.
Kh1 Qf5 1/2-1/2

[Event "Late-Titled-Tuesday-Blitz-April-23-2024"]
[Site "Chess.com"]
[Date "2024.04.23"]
[Round "4"]
[White "Evan_Attaker"]
[Black "platy3"]
[Result "1-0"]
[WhiteElo "2604"]
[BlackElo "2873"]
[TimeControl "180+1"]
[EndTime "14:39:25 PDT"]
[Termination "Evan_Attaker won by resignation"]

1. Nf3 Nf6 2. c4 e6 3. g3 a6 4. Bg2 b5 5. b3 Bb7 6. O-O Be7 7. Bb2 O-O 8. d3 d6 9. Nc3 b4 10. Na4 a5 11. a3 Nbd7 12. Qd2 c5 13. Rfd1 Qc7 14.
d4 Bc6 15. dxc5 dxc5 16. Qe3 Rad8 17. axb4 cxb4 18. Nd4 Bxg2 19. Kxg2 Nc5 20. Nxc5 Bxc5 21. Qf3 Bb6 22. Nb5 Qe7 23. Be5 Rfe8 24. Bd6 Rxd6 25. Nxd6 Rb8 26. Qc6 Qc7 27. Qxc7 Bxc7 28. Nb5 Bb6 29.
f3 Kf8 30. Rd6 Ke7 31. Rad1 Nd5 32. cxd5 1-0

[Event "Late-Titled-Tuesday-Blitz-April-23-2024"]
[Site "Chess.com"]
[Date "2024.04.23"]
[Round "4"]
[White "realburq"]
[Black "merinasian"]
[Result "1-0"]
[WhiteElo "2372"]
[BlackElo "2508"]
[TimeControl "180+1"]
[EndTime "14:39:26 PDT"]
[Termination "realburq won by resignation"]

1. d4 Nf6 2. Nf3 e6 3. Nbd2 c5 4. e3 b6 5. Bd3 Bb7 6. O-O Be7 7. b3 O-O 8. Bb2 d5 9. c4 Nc6 10. Rc1 cxd4 11. exd4 Rc8 12. Re1 dxc4 13. Nxc4 Nb4 14. Bb1 Nbd5 15. Nfe5 Nf4 16. Ne3 Rxc1 17. Bxc1 Qa8 18. f3 Rd8 19. N3g4 Rxd4 20. Qc2 Ng6 21. Bb2 Rd8 22. h4 Nxg4 23. Nxg4 Bxh4 24. Qc3 e5 25.
Rxe5 Bg3 26. Re8+ 1-0

[Event "Late-Titled-Tuesday-Blitz-April-23-2024"]
[Site "Chess.com"]
[Date "2024.04.23"]
[Round "4"]
[White "IngOscarArdila"]
[Black "zverr1"]
[Result "0-1"]
[WhiteElo "2263"]
[BlackElo "2448"]
[TimeControl "180+1"]
[EndTime "14:39:26 PDT"]
[Termination "zverr1 won by checkmate"]

1. d4 g6 2. Nf3 Bg7 3. e3 d6 4.
Be2 Nd7 5. O-O e5 6. c4 Ne7 7. Nbd2 O-O 8. Qc2 a5 9. Rd1 Nc6 10.
dxe5 dxe5 11. Nf1 Qe7 12. Bd2 Nc5 13. Ng3 h5 14. h4 Bd7 15. Bc3 Rae8 16. b3 Nb4 17. Qb2 f6 18. a3 Nc6 19. Qc2 e4 20.
Nd4 f5 21. Nxc6 Bxc6 22. Bxg7 Qxg7 23. b4 Ba4 24. Qd2 Bxd1 25. Rxd1 axb4 26. axb4 Ne6 27. c5 Rd8 28. Qa2 Qe5 29. Rxd8 Rxd8 30. Bc4 Kf7 31. Ne2 Rd1# 0-1

[Event "Late-Titled-Tuesday-Blitz-April-23-2024"]
[Site "Chess.com"]
[Date "2024.04.23"]
[Round "4"]
[White "TheSilmarils"]
[Black "albi1999"]
[Result "1-0"]
[WhiteElo "2973"]
[BlackElo "2667"]
[TimeControl "180+1"]
[EndTime "14:39:28 PDT"]
[Termination "TheSilmarils won by resignation"]

1. Nf3 d5 2. e3 Nf6 3. c4 e6 4.
b3 g6 5. Bb2 Bg7 6. g3 O-O 7.
Bg2 c5 8. cxd5 exd5 9. O-O Nc6 10. Ne5 Nxe5 11. Bxe5 Be6 12. d4 Qe7 13. dxc5 Qxc5 14. Bd4 Qa5 15. Nc3 Rac8 16. Rc1 Rfd8 17. Qd2 Rc6 18. Qb2 Rdc8 19. Ne2 Rxc1 20. Nxc1 Ne8 21.
Ne2 Bf8 22. Nf4 Qa3 23. Qe2 Qd6 24. Rd1 a6 25. Ba1 Rc5 26. e4 d4 27. Bxd4 Ra5 28.
Bc3 1-0

[Event "Late-Titled-Tuesday-Blitz-April-23-2024"]
[Site "Chess.com"]
[Date "2024.04.23"]
[Round "4"]
[White "Polish_fighter3000"]
[Black "manitodeplomo"]
[Result "1-0"]
[WhiteElo "3115"]
[BlackElo "2666"]
[TimeControl "180+1"]
[EndTime "14:39:29 PDT"]
[Termination "Polish_fighter3000 won by checkmate"]

1. e4 Nf6 2. e5 Nd5 3. d4 d6 4. c4 Nb6 5. f4 dxe5 6. fxe5 Bf5 7. Nc3 e6 8. Be3 Bb4 9. Nf3 c5 10. Be2 Nc6 11. O-O O-O 12. d5 Na5 13. Nd2 Bxc3 14. bxc3 Qc7 15. d6 Qc6 16. g4 Bg6 17. h4 h6 18. h5 Bh7 19. Bf3 Qc8 20. Qe2 Nd7 21.
g5 hxg5 22. Bxg5 Nc6 23. Bxc6 Qxc6 24. h6 gxh6 25. Bxh6 Kh8 26. Bxf8 Rxf8 27. Rf3 Rg8+ 28. Kf2 Rg5 29. Rg1 Rxg1 30. Kxg1 Bg6 31. Qh2+ Kg7 32. Qf4 Qa4 33. Rh3 Qd1+ 34. Kf2 Kf8 35. Rh8+ Kg7 36. Qh6# 1-0

[Event "Late-Titled-Tuesday-Blitz-April-23-2024"]
[Site "Chess.com"]
[Date "2024.04.23"]
[Round "4"]
[White "Durarbayli"]
[Black "Hamisandwich"]
[Result "1-0"]
[WhiteElo "2918"]
[BlackElo "2727"]
[TimeControl "180+1"]
[EndTime "14:39:30 PDT"]
[Termination "Durarbayli won by checkmate"]

1. e4 e6 2. d4 d5 3. e5 c5 4. c3 Nc6 5. Nf3 Nge7 6. Na3 Nf5 7. Nc2 Bd7 8. Bd3 Be7 9. O-O cxd4 10. cxd4 O-O 11.
Rb1 a5 12. Bf4 a4 13. b4 axb3 14. axb3 Nb4 15. Nxb4 Bxb4 16. Kh1 Be7 17. g4 Nh4 18. Nxh4 Bxh4 19. g5 Bxg5 20. Qh5 h6 21. Bg3 f5 22. exf6 Bxf6 23. Qg6 Be8 24. Qh7+ Kf7 25. Rfe1 Ke7 26. Rxe6+ Kxe6 27. Bf5+ Kf7 28. Re1 Bxd4 29. Bg6+ Kf6 30. Bh4# 1-0

[Event "Late-Titled-Tuesday-Blitz-April-23-2024"]
[Site "Chess.com"]
[Date "2024.04.23"]
[Round "4"]
[White "Mischuk_D"]
[Black "B_nn_t"]
[Result "1-0"]
[WhiteElo "2771"]
[BlackElo "2557"]
[TimeControl "180+1"]
[EndTime "14:39:32 PDT"]
[Termination "Mischuk_D won by resignation"]

1. d4 Nf6 2. c4 e6 3. Nf3 d5 4. g3 dxc4 5. Bg2 c6 6. O-O b5 7. b3 cxb3 8. Qxb3 Bb7 9. a4 a6 10.
Bb2 b4 11. Rc1 a5 12. Nbd2 Be7 13. Ne5 O-O 14. e3 Nd5 15. Rc2 Bf6 16. Nd3 Nd7 17.
Rac1 Rc8 18. Ne4 Be7 19. Nec5 Nxc5 20. Nxc5 Bxc5 21. Rxc5 Nf6 22. h3 Nd7 23. R5c2 Qb6 24. Qd3 Rfd8 25. Qe4 Nf6 26. Qe5 Nd7 27. Qf4 Nf6 28.
g4 Nd5 29. Qe5 Qc7 30. Qxc7 Rxc7 31. Rc5 Ra8 32. Bxd5 exd5 33. Rxd5 cxd5 34. Rxc7 Ba6 35. Rc5 Bc4 36. e4 Bb3 37. exd5 Bxa4 38. d6 Kf8 39.
Rc7 Bb5 40. d5 a4 41. Rb7 Be8 42. Rxb4 a3 43. Ba1 Rd8 44. Rb6 Rc8 45. Kg2 Rc1 46.
Bd4 Rd1 47. Bc5 1-0

[Event "Late-Titled-Tuesday-Blitz-April-23-2024"]
[Site "Chess.com"]
[Date "2024.04.23"]
[Round "4"]
[White "Vladimir_Zakhartsov"]
[Black "nihalsarin"]
[Result "0-1"]
[WhiteElo "2915"]
[BlackElo "3144"]
[TimeControl "180+1"]
[EndTime "14:39:36 PDT"]
[Termination "nihalsarin won by checkmate"]

1. d4 f5 2. c4 Nf6 3. g3 Nc6 4. Nf3 e6 5. Bg2 d5 6. O-O Be7 7. Nc3 Ne4 8. e3 h5 9. Nxe4 dxe4 10. Ne5 Nxe5 11. dxe5 Bd7 12. f3 exf3 13. Bxf3 h4 14. e4 hxg3 15. hxg3 Bc5+ 16. Kg2 Qe7 17. exf5 O-O-O 18.
Qb3 Bb6 19. c5 Qxc5 20. Bg5 Rde8 21. f6 Qxe5 22. f7 Ref8 23. Bf4 Qf5 24. a4 Qh3# 0-1

[Event "Late-Titled-Tuesday-Blitz-April-23-2024"]
[Site "Chess.com"]
[Date "2024.04.23"]
[Round "4"]
[White "GlavkonVVS"]
[Black "PapaieDudu"]
[Result "1-0"]
[WhiteElo "2640"]
[BlackElo "2437"]
[TimeControl "180+1"]
[EndTime "14:39:37 PDT"]
[Termination "GlavkonVVS won on time"]

1. c4 e6 2. Nc3 d5 3. d4 Nf6 4.
Nf3 a6 5. Bg5 dxc4 6. a4 c5 7.
e3 Be7 8. dxc5 Qc7 9. Bxc4 Qxc5 10. Qe2 O-O 11. O-O e5 12. Rfc1 Nc6 13. Ne4 Nxe4 14.
Bxf7+ Rxf7 15. Rxc5 Bxc5 16. Qc4 Bf5 17. Nh4 Na5 18.
Qd5 Nxg5 19. Nxf5 Nc6 20. h4 Kh8 21. hxg5 Rxf5 22. Qxc5 Raf8 23. Rf1 Nd8 24. g4 R5f7 25. Qxe5 Nc6 26. Qc5 Re8 27. f4 Rfe7 28. Rf3 Nd8 29. f5 Nf7 30. f6 gxf6 31. gxf6 Re4 32. Qh5 Nd6 33. Rh3 1-0

[Event "Late-Titled-Tuesday-Blitz-April-23-2024"]
[Site "Chess.com"]
[Date "2024.04.23"]
[Round "4"]
[White "wild3000"]
[Black "dasatcu90"]
[Result "1-0"]
[WhiteElo "2422"]
[BlackElo "2191"]
[TimeControl "180+1"]
[EndTime "14:39:38 PDT"]
[Termination "wild3000 won on time"]

1. a3 d5 2. e3 Nf6 3. d4 c5 4.
dxc5 a5 5. Nc3 e6 6. Bb5+ Bd7 7. Qd4 Qc7 8. Nf3 Bxc5 9. Qh4 Be7 10. O-O O-O 11. Qg3 Bd6 12. Qg5 Ne4 13. Qh4 Nxc3 14.
Bd3 Ne4 15. Nd2 f5 16. c4 Rf6 17. f4 Nxd2 18. Bxd2 dxc4 19. Be2 b5 20. a4 bxa4 21. Rfc1 Bb5 22. Bc3 Rh6 23. Qe1 Bc5 24. Bf3 Qxf4 25. Bd4 Bxd4 26. exd4 1-0

[Event "Late-Titled-Tuesday-Blitz-April-23-2024"]
[Site "Chess.com"]
[Date "2024.04.23"]
[Round "4"]
[White "Sanyura"]
[Black "kai_nov"]
[Result "1-0"]
[WhiteElo "2634"]
[BlackElo "2275"]
[TimeControl "180+1"]
[EndTime "14:39:39 PDT"]
[Termination "Sanyura won on time"]

1. e4 c5 2. Nf3 Nc6 3. d4 cxd4 4. Nxd4 Nf6 5. Nc3 e5 6. Ndb5 d6 7. Bg5 a6 8. Na3 b5 9. Nd5 Be7 10. Bxf6 Bxf6 11. c4 bxc4 12. Nxc4 O-O 13. Be2 Nd4 14. O-O Bb7 15. Nce3 Rb8 16. Bc4 Bg5 17. Nc2 Bxd5 18. Bxd5 Rxb2 19. Nxd4 exd4 20. Qxd4 Bf6 21. Qa4 Qb6 22.
Rad1 g6 23. Bb3 Kg7 24. Qc4 Be5 25. Rd3 f5 26. exf5 Rxf5 27. Qg8+ Kf6 28. h4 Qc7 29. Qf8+ 1-0

[Event "Late-Titled-Tuesday-Blitz-April-23-2024"]
[Site "Chess.com"]
[Date "2024.04.23"]
[Round "4"]
[White "AljoschaFeuerstack"]
[Black "AungTZ"]
[Result "1-0"]
[WhiteElo "2631"]
[BlackElo "2045"]
[TimeControl "180+1"]
[EndTime "14:39:39 PDT"]
[Termination "AljoschaFeuerstack won on time"]

1. e4 c5 2. Nf3 Nc6 3. g3 Nf6 4. d3 d5 5. exd5 Nxd5 6. Bg2 g6 7. O-O Bg7 8. Nbd2 O-O 9. Re1 b6 10. Nc4 Bb7 11. Bg5 h6 12. Bd2 Qc7 13. Qc1 Kh7 14.
h4 Nd4 15. Nxd4 cxd4 16. a4 Rac8 17. Qd1 e6 18. h5 Rce8 19. hxg6+ fxg6 20. Qg4 Nf6 21. Qxd4 Bxg2 22. Kxg2 Nd7 23. Qe3 Nc5 24. Rh1 Qb7+ 25.
f3 Kg8 26. Nd6 1-0

[Event "Late-Titled-Tuesday-Blitz-April-23-2024"]
[Site "Chess.com"]
[Date "2024.04.23"]
[Round "4"]
[White "Kratos031"]
[Black "Navyblue1"]
[Result "0-1"]
[WhiteElo "2482"]
[BlackElo "2280"]
[TimeControl "180+1"]
[EndTime "14:39:39 PDT"]
[Termination "Navyblue1 won by resignation"]

1. d4 Nf6 2. Nf3 g6 3. c4 Bg7 4. Nc3 O-O 5. e4 d6 6. Be2 Qe8 7. O-O e5 8. d5 a5 9. Nb5 Qd8 10.
Bd3 Na6 11. Be3 Ne8 12. Bg5 f6 13. Bh4 Nc5 14. b3 g5 15. Bg3 f5 16. exf5 e4 17. Nfd4 Bxd4 18. Nxd4 exd3 19. Ne6 Bxe6 20. fxe6 Ng7 21.
a3 a4 22. b4 Nb3 23. Ra2 d2 24. f3 Qf6 25. Bf2 Qf4 26. Qc2 Nf5 27. Rd1 Ne3 28.
Bxe3 Qxe3+ 29. Kf1 Rxf3+ 30. gxf3 Qxf3+ 31. Kg1 Rf8 32.
Raa1 Qf2+ 33. Kh1 Qf3+ 34. Kg1 Qg4+ 35. Kh1 Rf2 0-1

[Event "Late-Titled-Tuesday-Blitz-April-23-2024"]
[Site "Chess.com"]
[Date "2024.04.23"]
[Round "4"]
[White "dolynachess"]
[Black "Rodalquilar"]
[Result "0-1"]
[WhiteElo "2550"]
[BlackElo "2746"]
[TimeControl "180+1"]
[EndTime "14:39:40 PDT"]
[Termination "Rodalquilar won by resignation"]

1. d4 d5 2. c4 e6 3. Nf3 Nf6 4. g3 Be7 5. Bg2 O-O 6. O-O dxc4 7. Ne5 Qd6 8. Nxc4 Qa6 9. Qb3 Rd8 10. Rd1 Nc6 11.
e3 b5 12. Ne5 Bb7 13. Nxc6 Bxc6 14. Nc3 b4 15. Bxc6 Qxc6 16. Nb1 Qf3 17. Nd2 Qe2 18.
Rf1 c5 19. dxc5 Bxc5 20. Qc4 Rxd2 21. Qxc5 Rd1 22. Rxd1 Qxd1+ 23. Kg2 Ng4 24. h3 Nf6 25. b3 Qe2 26. Qxb4 Rc8 27. Ba3 Nd5 28. Qg4 Nxe3+ 0-1

[Event "Late-Titled-Tuesday-Blitz-April-23-2024"]
[Site "Chess.com"]
[Date "2024.04.23"]
[Round "4"]
[White "Jospem"]
[Black "chessdjw"]
[Result "1-0"]
[WhiteElo "3086"]
[BlackElo "2801"]
[TimeControl "180+1"]
[EndTime "14:39:41 PDT"]
[Termination "Jospem won by resignation"]

1. e4 c5 2. Nf3 d6 3. c3 Nf6 4. h3 g6 5. Bd3 Bg7 6. Bc2 e5 7. O-O Nc6 8. d3 O-O 9. Bg5 h6 10. Bxf6 Qxf6 11. Bb3 Rb8 12. a4 Be6 13. Nbd2 Rfd8 14.
Bxe6 Qxe6 15. a5 d5 16. Qa4 d4 17. Qb5 dxc3 18. bxc3 a6 19. Qb1 Qd7 20. Ne1 Na7 21. Nc4 Nb5 22. Qc2 h5 23. Ne3 Qc6 24. Nd5 Kh7 25.
c4 Nd4 26. Qd1 f5 27. Nf3 fxe4 28. Ng5+ Kh8 29. Nf7+ Kh7 30. Nxd8 Rxd8 31. dxe4 Rf8 32. Rb1 Rf7 33. Rb6 Qc8 34. Kh1 Qf8 35. f3 Qc8 36. Kh2 Bh6 37. h4 Bg7 38. g3 Qf8 39. Kg2 Qc8 40.
Qd2 Qd8 41. Qg5 Qf8 42. Qxg6+ Kg8 43. Qxh5 Nc2 44. Rg6 Nb4 45. Qg5 Nxd5 46. exd5 Kh7 47. Qh5+ Bh6 48. Rxh6+ Qxh6 49. Qxf7+ 1-0

[Event "Late-Titled-Tuesday-Blitz-April-23-2024"]
[Site "Chess.com"]
[Date "2024.04.23"]
[Round "4"]
[White "sergoy"]
[Black "ArtemDyachuk"]
[Result "1-0"]
[WhiteElo "2938"]
[BlackElo "2738"]
[TimeControl "180+1"]
[EndTime "14:39:44 PDT"]
[Termination "sergoy won on time"]

1. d4 Nf6 2. c4 e6 3. Nf3 c5 4. d5 d6 5. Nc3 exd5 6. cxd5 g6 7. h3 Bg7 8. e4 O-O 9. Bd3 b5 10. Nxb5 Re8 11. O-O Nxe4 12. Bxe4 Rxe4 13. Bg5 Qd7 14. Nc3 Re8 15. Qd2 Na6 16. Rad1 Rb8 17. Rfe1 Bb7 18.
Bh4 Nc7 19. Ng5 h6 20. Nge4 g5 21. Bg3 f5 22. Nxd6 Rxe1+ 23. Rxe1 f4 24. Nxb7 Rxb7 25. Bh2 Rb8 26. d6 Rf8 27. Ne4 Ne6 28. Qd5 Rc8 29. h4 Kh8 30. hxg5 hxg5 31. Nxg5 Nd4 32. Bxf4 1-0

[Event "Late-Titled-Tuesday-Blitz-April-23-2024"]
[Site "Chess.com"]
[Date "2024.04.23"]
[Round "4"]
[White "manmanlai1"]
[Black "RealPerangel"]
[Result "0-1"]
[WhiteElo "2523"]
[BlackElo "2706"]
[TimeControl "180+1"]
[EndTime "14:39:44 PDT"]
[Termination "RealPerangel won on time"]

1. e4 d5 2. exd5 Qxd5 3. Nc3 Qa5 4. d4 Nf6 5. Bc4 Bg4 6. f3 Be6 7. Bxe6 fxe6 8. Nh3 e5 9. O-O Qb6 10. Be3 Nc6 11.
Na4 Qa5 12. c3 O-O-O 13. b4 Qb5 14. Nc5 Nd5 15. Bf2 Nxc3 16. Qb3 Nxd4 17. Bxd4 Ne2+ 18.
Kh1 Nxd4 19. Qc3 e6 20. Ng5 Bxc5 21. bxc5 Rd7 22. Rab1 Qc6 23. Rfe1 h6 24. Ne4 Rhd8 25. h3 g5 26. Rb4 b6 27. Rc4 b5 28. Rb4 a5 29. Rb2 b4 30. Qc1 Qb5 31. a3 b3 32.
Qc3 a4 33. Rd2 Nc6 34. Rxd7 Rxd7 35. Rb1 Qd3 36. Qc1 Qc2 37. Kh2 Qxc1 38. Rxc1 Rd3 39. Rb1 Na5 0-1

[Event "Late-Titled-Tuesday-Blitz-April-23-2024"]
[Site "Chess.com"]
[Date "2024.04.23"]
[Round "4"]
[White "ccccvhhhj"]
[Black "ReadySkate"]
[Result "0-1"]
[WhiteElo "2479"]
[BlackElo "2684"]
[TimeControl "180+1"]
[EndTime "14:39:45 PDT"]
[Termination "ReadySkate won on time"]

1. e4 c5 2. Nf3 e6 3. b4 cxb4 4. a3 d5 5. e5 Nc6 6. axb4 Bxb4 7. c3 Be7 8. d4 f6 9. Bd3 f5 10. O-O Nh6 11. Bxh6 gxh6 12. Na3 O-O 13. Qd2 Bg5 14. Nxg5 Qxg5 15. f4 Qe7 16. Nb5 Bd7 17. Nd6 b6 18. Rf3 Kh8 19. Rh3 Qg7 20. Rg3 Qe7 21. Rh3 Rg8 22.
Rxh6 Rg7 23. Ra2 Nd8 24. Ba6 Nf7 25. Nxf7+ Rxf7 26. Bb7 Rb8 27. Rxa7 Be8 28. Bxd5 Qxa7 29. Bxe6 Rg7 30. h3 Bg6 31. d5 b5+ 32. Kh2 Re7 33. Qd3 Qf2 34. Qg3 Qxg3+ 35. Kxg3 Rb6 36. Rh4 Rbxe6 37. dxe6 Rxe6 38. Kf2 Rc6 39. Ke3 Rxc3+ 40. Kd4 Rc4+ 41. Kd5 Kg7 42. g4 Rxf4 43. gxf5 Rxh4 44. f6+ Kf7 45. Kd6 Rd4+ 46. Kc5 Rd3 0-1

[Event "Late-Titled-Tuesday-Blitz-April-23-2024"]
[Site "Chess.com"]
[Date "2024.04.23"]
[Round "4"]
[White "Arteler"]
[Black "yuriydovzik"]
[Result "0-1"]
[WhiteElo "2295"]
[BlackElo "2154"]
[TimeControl "180+1"]
[EndTime "14:39:45 PDT"]
[Termination "yuriydovzik won by resignation"]

1. e4 c6 2. d4 Na6 3. Bxa6 Qa5+ 4. Nc3 Qxa6 5. Nf3 d6 6. Ne2 Nf6 7. e5 Nd5 8. O-O Bg4 9. Qd3 Qxd3 10. cxd3 Bxf3 11.
gxf3 Nb4 12. Rd1 O-O-O 13. a3 Nd5 14. Nc3 dxe5 15. dxe5 e6 16. Ne4 h6 17. b4 a6 18. d4 Be7 19. Be3 g5 20. Nc5 Nc3 21.
Rd3 Nb5 22. Rc1 Rd5 23. a4 Nc7 24. b5 axb5 25. axb5 Nxb5 26. Rb1 Bxc5 27. dxc5 Rxd3 0-1

[Event "Late-Titled-Tuesday-Blitz-April-23-2024"]
[Site "Chess.com"]
[Date "2024.04.23"]
[Round "4"]
[White "Der_Balak_3Halak"]
[Black "Oleg_Papayan"]
[Result "1-0"]
[WhiteElo "2439"]
[BlackElo "2637"]
[TimeControl "180+1"]
[EndTime "14:39:46 PDT"]
[Termination "Der_Balak_3Halak won by resignation"]

1. e4 d5 2. e5 c5 3. c3 d4 4. Bb5+ Bd7 5. Bxd7+ Qxd7 6. Nf3 d3 7. O-O Nc6 8. c4 g6 9. Nc3 Bg7 10. Re1 Nh6 11.
Nd5 Ng4 12. e6 fxe6 13. Rxe6 O-O 14. Re4 h5 15. Rb1 Rf5 16. Nf4 Kh7 17. Ne6 Nd4 18. Nfxd4 Bxd4 19. Nxd4 cxd4 20. f3 Nf6 21. Re1 e5 22.
Qb3 Re8 23. Qxd3 Qc6 24. Rf1 Kg7 25. b3 e4 26. fxe4 Rxf1+ 27. Qxf1 Qxe4 28. d3 Qe1 29. Bh6+ Kxh6 30. Rxe1 1-0

[Event "Late-Titled-Tuesday-Blitz-April-23-2024"]
[Site "Chess.com"]
[Date "2024.04.23"]
[Round "4"]
[White "boracilek"]
[Black "SidArun"]
[Result "1-0"]
[WhiteElo "2517"]
[BlackElo "2348"]
[TimeControl "180+1"]
[EndTime "14:39:46 PDT"]
[Termination "boracilek won by resignation"]

1. d4 d5 2. Bf4 e6 3. e3 Bd6 4. Bg3 h5 5. Nf3 c5 6. dxc5 Bxg3 7. hxg3 Qa5+ 8. Nbd2 Nf6 9. c4 dxc4 10.
Qc2 Qxc5 11. Bxc4 Nc6 12. Ke2 Bd7 13. Rac1 Qb6 14. Qb3 Qxb3 15. Nxb3 Ne7 16. Ne5 Bc6 17. f3 a6 18. Na5 O-O 19. Naxc6 Nxc6 20. Nxc6 bxc6 21.
Bd3 Rab8 22. b3 Rb6 23. Rc5 g6 24. Rhc1 Rc8 25. Ra5 Nd5 26. Be4 Rcb8 27. Rac5 Nb4 28. a3 Nd5 29. b4 Rb5 30. Rxb5 Rxb5 31. Rxc6 a5 32. Bxd5 exd5 33. Rc5 1-0

[Event "Late-Titled-Tuesday-Blitz-April-23-2024"]
[Site "Chess.com"]
[Date "2024.04.23"]
[Round "4"]
[White "masterofpuppets2"]
[Black "Francisco_Ferrari"]
[Result "1-0"]
[WhiteElo "2484"]
[BlackElo "2193"]
[TimeControl "180+1"]
[EndTime "14:39:47 PDT"]
[Termination "masterofpuppets2 won by checkmate"]

1. d4 d5 2. c4 e6 3. Nc3 Be7 4. cxd5 exd5 5. Bf4 Nf6 6. e3 O-O 7. Bd3 c6 8. Qc2 Re8 9. Nge2 Nbd7 10. O-O h6 11. h3 Nf8 12. f3 Bd6 13. Qd2 Bxf4 14. Nxf4 Ne6 15. Nxe6 Bxe6 16. Rad1 a5 17. Qf2 b5 18. e4 dxe4 19. fxe4 b4 20. Ne2 Bxa2 21. e5 Nh7 22. Ng3 Bd5 23. Nf5 Qg5 24. Bb1 Nf8 25.
Rd3 Be4 26. Rg3 Qxf5 27. Qe1 Qd7 28. Qxe4 Rad8 29. Rf4 Qd5 30. Qf5 c5 31. Rfg4 g6 32. Qh5 cxd4 33. Qxh6 Qxe5 34. Bxg6 Nxg6 35. Rxg6+ fxg6 36. Rxg6+ Kf7 37. Qh7+ Kf8 38. Rg8# 1-0

[Event "Late-Titled-Tuesday-Blitz-April-23-2024"]
[Site "Chess.com"]
[Date "2024.04.23"]
[Round "4"]
[White "PNEPaul"]
[Black "VladimirBugayev"]
[Result "0-1"]
[WhiteElo "1911"]
[BlackElo "2243"]
[TimeControl "180+1"]
[EndTime "14:39:48 PDT"]
[Termination "VladimirBugayev won on time"]

1. e4 c6 2. d4 d5 3. Nc3 dxe4 4. f3 exf3 5. Nxf3 Nf6 6. Bc4 Bf5 7. O-O e6 8. Ne5 Nd5 9. Rxf5 exf5 10. Nxd5 cxd5 11.
Bb5+ Ke7 12. Qh5 Qc7 13. Qxf7+ Kd6 14. Qxf5 Qa5 15. Nf7+ Kc7 16. Bf4+ Kb6 17. Bd3 Nc6 18.
Nxh8 Be7 19. Nf7 Rf8 20. Qe6 Qb4 21. c3 Qa4 22. b3 Qa3 23. Qxd5 a6 24. Ne5 Rxf4 25.
Nd7+ Ka7 26. Re1 Qb2 27. Rf1 Rxf1+ 28. Bxf1 Qxc3 0-1

[Event "Late-Titled-Tuesday-Blitz-April-23-2024"]
[Site "Chess.com"]
[Date "2024.04.23"]
[Round "4"]
[White "CaspiIsrael"]
[Black "adricalderon8"]
[Result "1-0"]
[WhiteElo "2708"]
[BlackElo "2523"]
[TimeControl "180+1"]
[EndTime "14:39:50 PDT"]
[Termination "CaspiIsrael won by resignation"]

1. e4 c5 2. Nf3 Nc6 3. d4 cxd4 4.
Nxd4 g6 5. c4 Bg7 6. Be3 Nf6 7.
Nc3 O-O 8. Be2 d6 9. O-O Bd7 10. f3 Nxd4 11. Bxd4 a5 12. Qd2 Bc6 13. Rac1 Nd7 14.
Be3 Nc5 15. b3 e6 16. Rfd1 Be5 17. Nb5 Bxb5 18. cxb5 Qe7 19. Bf1 Rac8 20. Qxa5 Qh4 21. g3 Qh5 22. Bg2 f5 23. exf5 Qxf5 24. Qd2 h5 25. b4 Na4 26. f4 Bb2 27. Rxc8 Rxc8 28. Bxb7 Rd8 29. Qd3 Nc3 30. Qxf5 gxf5 31. Rd2 Bc1 32.
Rd3 Nxa2 33. Bxc1 Nxc1 34. Re3 Kf7 35. Bf3 Na2 36. Bxh5+ Ke7 37. Ra3 Nxb4 38. Rb3 Nd5 39. Bf3 Nb6 40. Rc3 e5 41. Rc7+ Ke6 42. fxe5 dxe5 43.
Rc6+ Rd6 44. Kf2 e4 45. Rxd6+ Kxd6 46. Be2 Ke5 47. h4 f4 48. gxf4+ Kxf4 49. h5 e3+ 50. Kg2 Kg5 51. Kf1 Nd5 52. Bf3 Nb6 53. Ke2 Kf4 54.
h6 Na4 55. h7 Nc3+ 56. Ke1 Kxf3 57. h8=Q Ne4 58. Qh1+ 1-0

[Event "Late-Titled-Tuesday-Blitz-April-23-2024"]
[Site "Chess.com"]
[Date "2024.04.23"]
[Round "4"]
[White "Licancabur"]
[Black "akanga001"]
[Result "1-0"]
[WhiteElo "2462"]
[BlackElo "2143"]
[TimeControl "180+1"]
[EndTime "14:39:53 PDT"]
[Termination "Licancabur won by resignation"]

1. f4 e6 2. Nf3 d5 3. d3 c5 4. g3 Nh6 5. Bg2 f6 6. O-O Nf7 7. e4 Nc6 8. Nc3 d4 9. Ne2 e5 10. Qe1 Bd6 11. Bd2 c4 12. dxc4 Be6 13. b3 a5 14. Nc1 Nb4 15. Qd1 Qb6 16. Nd3 a4 17. Bxb4 Bxb4 18. Nxb4 Qxb4 19. Qd2 Qc5 20. Kh1 axb3 21.
axb3 O-O 22. fxe5 fxe5 23. Ng5 Nxg5 24. Qxg5 Rxf1+ 25. Rxf1 h6 26. Qg6 Ra6 27. Qe8+ Kh7 28. Rf8 Ra1+ 29. Bf1 Bg8 30. Rxg8 Rxf1+ 31. Kg2 Rf2+ 32.
Kxf2 d3+ 33. Kg2 1-0